 Dungeon Crawl Stone Soup version 0.29-a0-367-gc2b5878c41 (webtiles) character file.

Game seed: 12500164106500019650

25761 Artihs the Fighter (level 13, -1/106 HPs)
             Began as a Human Fighter on Apr 30, 2022.
             Was a High Priest of Okawaru.
             Slain by Rupert
             ... wielding a +0 great mace of holy wrath
              (28 damage)
             ... on level 13 of the Dungeon on May 1, 2022.
             The game lasted 02:50:40 (15817 turns).

Artihs the Fighter (Human Fighter)                 Turns: 15817, Time: 02:50:41

Health: -1/106     AC: 35    Str: 20    XL:     13   Next: 53%
Magic:  11/13      EV: 17    Int:  9    God:    Okawaru [*****.]
Gold:   1294       SH:  8    Dex: 14    Spells: 11/12 levels left

rFire   . . .      SeeInvis .   n - +9 flail (protect)
rCold   + . .      Faith    .   c - +0 buckler
rNeg    . . .      Spirit   .   L - +5 ring mail {rC+}
rPois   .          Reflect  .   f - +2 hat
rElec   .          Harm     .   h - +2 cloak
rCorr   .          Rampage  .   (no gloves)
Will    .....      Clarity  +   k - +0 pair of boots
Stlth   ++........              (no amulet)
HPRegen 0.27/turn               q - +4 ring of protection
MPRegen 0.13/turn               U - +4 ring of protection

@: heroic, under a protective aura, studying Long Blades
A: hooves 1, clarity
a: Renounce Religion, Heroism, Finesse, Duel


You were on level 13 of the Dungeon.
You worshipped Okawaru.
Okawaru was extremely pleased with you.
You visited 3 branches of the dungeon, and saw 15 of its levels.
You also visited: Sewer and Ossuary.

You collected 1294 gold pieces.

Inventory:

Hand Weapons
 e - a +4 flail of venom
 n - a +9 flail of protection (weapon)
 P - a +2 vorpal flail
 Y - a +2 flail of draining
Missiles
 a - a curare-tipped dart
 w - 3 javelins
 B - 20 poisoned darts
 M - a throwing net
 R - a boomerang of dispersal
 Z - a silver javelin
Armour
 c - a +0 buckler (worn)
 f - a +2 hat (worn)
 h - a +2 cloak (worn)
 j - an orb of light
 k - a +0 pair of boots (worn)
 t - the +2 chain mail of Yshemom {Dex+3}
   (Okawaru gifted it to you on level 1 of the Lair of Beasts)

   Dex:       It affects your dexterity (+3).
 L - a +5 ring mail of cold resistance (worn)
 Q - a +0 chain mail of fire resistance
Jewellery
 q - a +4 ring of protection (left hand)
 y - a +6 ring of intelligence
 C - a ring of flight
 T - a ring of positive energy
 U - a +4 ring of protection (right hand)
Wands
 i - a wand of flame (3)
 x - a wand of charming (6)
 F - a wand of polymorph (6)
 K - a wand of digging (13)
 V - a wand of paralysis (3)
Scrolls
 g - 2 scrolls of fog
 l - 2 scrolls of magic mapping
 p - 2 scrolls of amnesia
 r - 6 scrolls of teleportation
 A - 5 scrolls of vulnerability
 D - 2 scrolls of torment
 E - 3 scrolls of immolation
 I - 2 scrolls of summoning
 N - 4 scrolls of noise
 O - 3 scrolls of identify
 X - a scroll of holy word {unknown}
Potions
 b - 5 potions of attraction
 d - 5 potions of might
 s - 6 potions of mutation
 v - a potion of resistance
 z - 2 potions of lignification
 G - 2 potions of haste {unknown}
 H - a potion of berserk rage
 J - a potion of invisibility
 S - 2 potions of degeneration
 W - a potion of ambrosia
Miscellaneous
 o - a condenser vane (inert)
 u - a lightning rod (inert)


   Skills:
 + Level 11.0(16.0) Fighting
 + Level 10.8(15.8) Maces & Flails
 + Level 6.6(11.6) Throwing
 * Level 9.3(14.3) Armour
 * Level 8.6(13.6) Dodging
 * Level 9.3(14.3) Shields


You had 11 spell levels left.
You knew the following spells:

 Your Spells              Type           Power      Damage    Failure   Level
a - Sting                 Tmut/Pois      0%         1d3       56%         1

Your spell library contained the following spells:

 Spells                   Type           Power      Damage    Failure   Level
 Magic Dart               Conj           0%         1d3       56%         1
 Searing Ray              Conj           0%         2d4       71%         2
 Confusing Touch          Hex            0%         N/A       90%         3
 Dazzling Flash           Conj/Hex       0%         N/A       90%         3
 Ignite Poison            Fire/Tmut/Pois 0%         N/A       90%         3
 Mephitic Cloud           Conj/Pois/Air  0%         N/A       90%         3
 Fulminant Prism          Conj/Hex       0%         3d6       100%        4
 Iskenderun's Mystic Bla  Conj/Tloc      0%         2d3       100%        4
 Petrify                  Tmut/Erth      0%         N/A       100%        4
 Freezing Cloud           Conj/Ice/Air   0%         6-21      100%        5
 Metabolic Englaciation   Hex/Ice        0%         N/A       100%        5
 Yara's Violent Unravell  Hex/Tmut       0%         3d3       100%        5
 Starburst                Conj/Fire      0%         6d3       100%        6
 Statue Form              Tmut/Erth      0%         N/A       100%        6
 Enfeeble                 Hex            0%         N/A       100%        7
 Call Imp                 Summ           Unusable   N/A       N/A         2

Dungeon Overview and Level Annotations

Branches:
Dungeon (13/15)            Temple (1/1) D:6            Lair (1/6) D:11
    Orc (0/2) D:11          Sewer (visited)         Ossuary (visited)
 Vaults: D:13-14

Altars:
Ashenzari
Cheibriados
Dithmenos
Elyvilon
Fedhas
Gozag
Hepliaklqana
Kikubaaqudgha
Makhleb
Nemelex Xobeh
Okawaru
Qazlal
Ru
Sif Muna
Trog
Uskayaw
Vehumet
Wu Jian
Xom
Yredelemnul
Zin
The Shining One

Annotations:
D:3 1 runed translucent door, Crazy Yiuf
D:13 Rupert


Innate Abilities, Weirdness & Mutations

You have large cloven feet.
You possess an exceptional clarity of mind.


Message History

Rupert roars wildly at you.
You suddenly lose the ability to move!
Rupert hits you but does no damage. x2
Rupert hits you with a +0 great mace of holy wrath.
Rupert hits you but does no damage.
You can move again.
Aiming: Polymorph
Press: ? - help, Q - select action, (/) - cycle Shift-Dir - straight line, f - Rupert, p - troll
Aim: Rupert, wielding a +0 great mace of holy wrath and wearing a +1 chain mail of willpower (lightly wounded, unusually resistant, will become a quicksilver dragon, an emperor scorpion, or a sphinx, chance to affect: 0%)
Okay, then.
Aiming: Thunderbolt
Press: ? - help, Q - select action, (/) - cycle Shift-Dir - straight line, f/p - troll
Aim: a troll The thunderbolt hits Rupert.
Rupert completely resists.
Rupert is lightly wounded.
The thunderbolt hits the troll.
The troll is lightly wounded.
The lightning rod overheats!
You hear a shout!
Rupert roars madly and goes into a rage!
Rupert goes berserk!
Activating: Heroism (5% risk of failure)
Press: ? - help, Q - select action, (/) - cycle Dir - look around, f - activate You gain the combat prowess of a mighty hero.
Rupert misses you.
Activating: Finesse (58% risk of failure)
Press: ? - help, Q - select action, (/) - cycle Dir - look around, f - activate You fail to use your ability.
Rupert hits you with a +0 great mace of holy wrath!! x2
You feel much better.
Rupert hits you with a +0 great mace of holy wrath!!
* * * LOW HITPOINT WARNING * * *
You sock Rupert!
Your weapon exudes an aura of protection.
Rupert is lightly wounded.
Rupert completely misses you.
You sock Rupert!
Rupert is moderately wounded.
Rupert hits you with a +0 great mace of holy wrath!!
You die...

..###......# ..
...##.###### ..
....#># .#
....#.## #.#
...<.... ..
....#### ####.#
....# .... ...##
#.#####.# ....#
#.@@T..(# ....#
#.####(..(
....###########.#
.
....##..........#
.).....##########
...##### ..## ###


You could see Rupert (berserk, resistant) and a troll.

Vanquished Creatures
  Frances (D:12)
  Kirke (D:12)
  2 hydras
  5 boulder beetles
  Erolcha (D:11)
  2 centaur warriors (D:13)
  A two-headed ogre (D:9)
  Sonja (Lair:1)
  Amaemon (D:8)
  A manticore (D:12)
  A cyclops (D:11)
  2 ugly things (D:11)
  An elephant (D:11)
  A cane toad (Lair:1)
  An orange demon (D:9)
  2 kobold demonologists
  A komodo dragon (Lair:1)
  A wind drake (shapeshifter) (D:13)
  4 trolls
  Prince Ribbit (D:7)
  5 blink frogs (Lair:1)
  3 slime creatures (D:12)
  2 shadows
  6 wraiths
  A vampire (D:12)
  6 yaks
  6 hogs (D:12)
  A basilisk (D:11)
  3 wyverns
  10 vampire mosquitoes
  A steam dragon (D:8)
  Edmund (D:4)
  Menkaure (D:4)
  2 acid dragons (D:9)
  Duvessa (D:5)
  3 water moccasins
  9 orc warriors
  2 black bears
  6 centaurs
  A phantom (D:4)
  2 kobold brigands
  An elf zombie (Ossuary)
  8 bullfrogs
  2 gnoll sergeants
  A wight (D:9)
  Dowan (D:5)
  9 killer bees (D:9)
  3 howler monkeys (D:10)
  7 electric eels (Lair:1)
  2 human zombies (Ossuary)
  A jelly (D:7)
  3 orc priests
  6 hounds
  A gnoll shaman (D:7)
  Terence (D:3)
  An iguana (D:5)
  5 orc wizards
  2 mummies (Ossuary)
  7 gnolls
  16 adders
  11 river rats
  A shadow imp (D:6)
  4 white imps
  3 worms
  2 dart slugs
  31 orcs
  17 ball pythons
  7 endoplasms
  3 giant cockroaches
  2 gnoll zombies (Ossuary)
  6 goblins
  3 hobgoblins
  3 jackals
  15 kobolds
  A quokka (D:1)
  6 bats
  6 frilled lizards
  3 goblin zombies (Ossuary)
  2 hobgoblin zombies (Ossuary)
  4 orc zombies (Ossuary)
  A quokka zombie (D:7)
  27 rats
  A rat zombie (D:7)
339 creatures vanquished.

Vanquished Creatures (others)
  A fungus (Lair:1)
  22 plants (Lair:1)
23 creatures vanquished.

Grand Total: 362 creatures vanquished

Notes
Turn   | Place    | Note
-------+----------+-------------------------------------------
     0 | D:1      | Artihs the Human Fighter began the quest for the Orb.
     0 | D:1      | Reached XP level 1. HP: 18/18 MP: 1/1
   238 | D:1      | Found a faded altar of an unknown god.
   258 | D:1      | Got Plato's Disquisition on Transmutation
   264 | D:1      | Reached XP level 2. HP: 24/24 MP: 2/2
   785 | D:1      | Reached XP level 3. HP: 28/29 MP: 3/3
  1949 | D:3      | Reached XP level 4. HP: 24/35 MP: 4/4
  2260 | D:3      | Noticed Terence
  2272 | D:3      | Killed Terence
  2273 | D:3      | Reached skill level 1 in Dodging
  2491 | D:3      | Found a runed translucent door.
  2492 | D:3      | Noticed Crazy Yiuf
  2693 | D:3      | Learned a level 1 spell: Sting
  2801 | D:4      | Reached XP level 5. HP: 35/42 MP: 5/5
  2801 | D:4      | Noticed Menkaure
  2814 | D:4      | HP: 2/42 [Menkaure/nerve-wracking pain (12)]
  2818 | D:4      | Killed Menkaure
  2819 | D:4      | Reached skill level 4 in Fighting
  2819 | D:4      | Reached XP level 6. HP: 3/48 MP: 6/6
  3145 | D:4      | Found a snail-covered altar of Cheibriados.
  3302 | D:4      | Found a bloodstained altar of Trog.
  3385 | D:4      | Noticed Edmund
  3403 | D:4      | Killed Edmund
  3730 | D:5      | Entered Level 5 of the Dungeon
  3733 | D:5      | Reached XP level 7. HP: 46/55 MP: 7/7
  3759 | D:4      | Reached skill level 5 in Fighting
  3981 | D:5      | Found a glowing drain.
  3986 | Sewer    | Entered a sewer
  4194 | Sewer    | Reached XP level 8. HP: 59/62 MP: 8/8
  4377 | Sewer    | Reached skill level 5 in Maces & Flails
  4783 | D:5      | Noticed Duvessa
  4797 | D:5      | Reached skill level 6 in Fighting
  4802 | D:5      | Killed Duvessa
  4803 | D:5      | Noticed Dowan
  4809 | D:5      | Killed Dowan
  5136 | D:6      | Reached skill level 5 in Armour
  5160 | D:6      | Reached XP level 9. HP: 60/71 MP: 9/9
  5194 | D:6      | Reached skill level 5 in Shields
  5232 | D:6      | Noticed a kobold demonologist
  5248 | D:6      | Killed a kobold demonologist
  5249 | D:6      | Reached skill level 1 in Throwing
  5329 | D:6      | Found a staircase to the Ecumenical Temple.
  5354 | Temple   | Entered the Ecumenical Temple
  5446 | Temple   | Became a worshipper of Warmaster Okawaru
  5687 | D:7      | Found a sand-covered staircase.
  5695 | Ossuary  | Entered an ossuary
  5716 | Ossuary  | Reached skill level 7 in Fighting
  6483 | D:7      | Noticed Prince Ribbit
  6502 | D:7      | Killed Prince Ribbit
  6745 | D:7      | Found a burning altar of Makhleb.
  7018 | D:8      | Found an ornate altar of the Wu Jian Council.
  7210 | D:8      | Found a sacrificial altar of Ru.
  7221 | D:8      | Reached XP level 10. HP: 79/79 MP: 10/10
  7275 | D:8      | Found a hide-covered altar of Uskayaw.
  7408 | D:8      | Reached * piety under Okawaru
  7503 | D:8      | Reached skill level 8 in Fighting
  7799 | D:8      | Found a shimmering altar of Xom.
  7799 | D:8      | Found an ancient bone altar of Kikubaaqudgha.
  8224 | D:9      | Reached skill level 5 in Dodging
  8244 | D:9      | Noticed Amaemon
  8244 | D:9      | Noticed an orange demon
  8264 | D:8      | Killed Amaemon
  8264 | D:8      | Reached ** piety under Okawaru
  8605 | D:9      | Noticed a kobold demonologist
  8620 | D:9      | Killed a kobold demonologist
  8768 | D:9      | Killed an orange demon
  8817 | D:9      | Reached *** piety under Okawaru
  8818 | D:9      | Reached XP level 11. HP: 31/87 MP: 11/11
  8832 | D:9      | Gained mutation: You have large cloven feet. [potion of
                  | mutation]
  8832 | D:9      | Gained mutation: You possess an exceptional clarity of
                  | mind. [potion of mutation]
  9456 | D:9      | Reached skill level 9 in Fighting
  9562 | D:9      | Noticed a two-headed ogre
  9572 | D:9      | Killed a two-headed ogre
  9607 | D:9      | Reached **** piety under Okawaru
  9896 | D:10     | Entered Level 10 of the Dungeon
 10233 | D:10     | Noticed a five-headed hydra
 10248 | D:10     | Killed a five-headed hydra
 10820 | D:10     | Reached ***** piety under Okawaru
 10848 | D:11     | Noticed a red ugly thing
 10860 | D:11     | Killed a red ugly thing
 10881 | D:11     | Upgraded the game from 0.29-a0-364-g921d912d32 to
                  | 0.29-a0-367-gc2b5878c41
 11006 | D:11     | Noticed a red ugly thing
 11018 | D:11     | Killed a red ugly thing
 11122 | D:11     | Noticed Erolcha
 11139 | D:11     | Killed Erolcha
 11140 | D:11     | Reached skill level 10 in Fighting
 11140 | D:11     | Reached skill level 5 in Throwing
 11140 | D:11     | Reached XP level 12. HP: 55/97 MP: 12/12
 11208 | D:11     | Noticed a boulder beetle
 11405 | D:11     | Killed a boulder beetle
 11702 | D:11     | Found a staircase to the Lair.
 11727 | D:11     | Reached skill level 10 in Maces & Flails
 11891 | D:11     | Noticed a boulder beetle
 11929 | D:11     | Killed a boulder beetle
 11929 | D:11     | Received a gift from Okawaru
 12474 | D:11     | Found a staircase to the Orcish Mines.
 12708 | Lair:1   | Entered Level 1 of the Lair of Beasts
 12711 | Lair:1   | Noticed Sonja
 12720 | Lair:1   | Killed Sonja
 12971 | Lair:1   | Found the +4 skin of Zhor {*Englaciate rC+++ SInv}
 13642 | Lair:1   | Identified the +2 chain mail of Yshemom {Dex+3} (Okawaru
                  | gifted it to you on level 1 of the Lair of Beasts)
 13642 | Lair:1   | Received a gift from Okawaru
 13668 | Lair:1   | Noticed a boulder beetle
 13690 | Lair:1   | Killed a boulder beetle
 14149 | D:12     | Reached XP level 13. HP: 79/104 MP: 13/13
 14288 | D:12     | Noticed an eight-headed hydra
 14298 | D:12     | Killed an eight-headed hydra
 14324 | D:12     | Noticed Frances
 14339 | D:12     | Killed Frances
 14667 | D:12     | Noticed Kirke
 14688 | D:12     | Killed Kirke
 15377 | D:13     | Noticed a boulder beetle
 15388 | D:13     | Killed a boulder beetle
 15389 | D:13     | Reached skill level 11 in Fighting
 15415 | D:13     | Noticed a centaur warrior
 15430 | D:13     | Killed a centaur warrior
 15631 | D:13     | Noticed a boulder beetle
 15660 | D:13     | Killed a boulder beetle
 15695 | D:13     | Noticed a centaur warrior
 15710 | D:13     | Killed a centaur warrior
 15797 | D:13     | Noticed Rupert
 15807 | D:13     | Paralysed by Rupert for 4 turns
 15817 | D:13     | Slain by Rupert

Illustrated notes

Levels and vault maps discovered:
D:1:      onia_arrival_mini_spirals, layout_basic,
          shapermc_ecumenical_altar_rom_forum
D:2:      layout_loops_ring, grunt_ministairs_7
D:3:      layout_rooms, st_stairs_4, due_unseen_surprise, uniq_terence,
          uniq_crazy_yiuf_cottage
D:4:      layout_cave_pools, trog_three_pillars_becter, old_standard_altar,
          nrook_loot_triangle, dreamdust_wishing_well, uniq_edmund,
          uniq_menkaure
D:5:      layout_rooms, lightli_sewer_entry_pipes, uniq_duvessa
D:6:      layout_basic, minmay_temple_entry_overgrown
D:7:      layout_gridville, makhleb_heckhound_becter, enter_ossuary_4,
          uniq_prince_ribbit1
D:8:      layout_rooms, nicolae_wu_jian_wuxing_cycle,
          nicolae_ru_sacrificial_ziggurat, eat_drink_and_be_merry_uskayaw,
          amethyst_overflow_temple_binary, special_room [special_room_orc],
          minmay_diced_spiral
D:9:      minmay_octagon_keep, layout_basic, minmay_misc_feat_tiny, uniq_amaemon
D:10:     layout_long_grid, roderic_lattice_a,
          nicolae_concentric_dashed_squares_wild
D:11:     layout_loops_ring, david_lair_generic, orc_0_dummy, minivault_5,
          nicolae_figureground_pulse, uniq_erolcha
D:12:     layout_basic, hangedman_abyss_or_decor_passed, uniq_frances,
          uniq_kirke
D:13:     layout_rooms, minmay_holes, uniq_rupert
Temple:   zaba_magenta_temple
Lair:1:   layout_cave_pods, serial_bayou, serial_bayou_ford_a,
          serial_bayou_lake_a, serial_bayou_pond_c, serial_bayou_shore_b,
          hellmonk_guarded_unrand_zhor, uniq_sonja

Skill      XL: |  1  2  3  4  5  6  7  8  9 10 11 12 13 |
---------------+----------------------------------------+-----
Dodging        | 1 2 3 4 5 6 7 8 |  8.6
Maces & Flails | 3 4 5 7 8 9 10 | 10.8
Fighting       | 4 5 6 7 8 10 11 | 11.0
Armour         | 4 5 6 7 8 9 |  9.3
Shields        | 4 5 6 7 8 9 |  9.3
Throwing       | 2 3 5 6 |  6.6

Action                   |  1- 3 |  4- 6 |  7- 9 | 10-12 | 13-15 || total
-------------------------+-------+-------+-------+-------+-------++-------
Melee: Flail             |   117 |    69 |   419 |   542 |   101 ||  1248
       Mace              |       |    15 |       |       |       ||    15
       Unarmed           |       |       |       |       |     8 ||     8
Throw: Throwing net      |     1 |       |       |     1 |       ||     2
       Javelin           |       |     4 |    19 |    68 |    21 ||   112
       Dart              |       |       |    36 |    80 |    31 ||   147
       Boomerang         |       |       |       |     2 |       ||     2
Invok: Heroism           |       |       |       |     5 |     3 ||     8
       Finesse           |       |       |       |     1 |       ||     1
Evoke: Wand              |       |     8 |     2 |    11 |     3 ||    24
       Lightning rod     |       |       |       |     5 |     2 ||     7
       Condenser vane    |       |       |       |     2 |       ||     2
  Use: Scroll            |       |     9 |     4 |     8 |     2 ||    23
       Potion            |       |     1 |       |    16 |     1 ||    18
 Stab: Held in net/web   |       |       |       |     1 |       ||     1
       Paralysed         |       |       |       |     2 |       ||     2
Armor: Scale mail        |    69 |    15 |       |       |       ||    84
       Chain mail        |       |    26 |   309 |       |       ||   335
       Ring mail         |       |       |   111 |   300 |    74 ||   485
Dodge: Dodged            |    59 |    32 |   219 |   318 |    57 ||   685
Block: Buckler           |    32 |    26 |   169 |   150 |    37 ||   414

Table legend: (Time is in decaauts)
 A = Elapsed time spent in this place.
 B = Non-inter-level travel time spent in this place.
 C = Inter-level travel time spent in this place.
 D = Time resting spent in this place.
 E = Time spent auto-exploring this place.
 F = Levels seen in this place.
 G = Mean time per level.
                   A        B        C        D        E       F      G
               +--------+--------+--------+--------+--------+-----+--------+
         Total |  16055 |  11876 |   4179 |   3961 |   4484 |  17 |  944.4 |
       Dungeon |  13776 |  10189 |   3587 |   3254 |   4383 |  13 | 1059.7 |
        Temple |    105 |     58 |     47 |      0 |     53 |   1 |  105.0 |
          Lair |   1405 |    861 |    544 |    496 |      0 |   1 | 1405.0 |
         Sewer |    618 |    618 |      0 |    211 |      5 |   1 |  618.0 |
       Ossuary |    149 |    149 |      0 |      0 |     42 |   1 |  149.0 |
               +--------+--------+--------+--------+--------+-----+--------+

Top non-repeatable levels by time:
     D:8: 1934 daAuts
    D:11: 1880 daAuts
  Lair:1: 1405 daAuts
     D:7: 1273 daAuts
    D:12: 1243 daAuts
     D:4: 1066 daAuts
     D:2: 1002 daAuts
     D:9: 967 daAuts
     D:1: 963 daAuts
    D:10: 949 daAuts
     D:3: 847 daAuts
     D:5: 700 daAuts
   Sewer: 618 daAuts
     D:6: 488 daAuts
    D:13: 458 daAuts
